Map: King's Cove LE

Players

DnS

  • Race: Protoss Protoss
  • Spawn Location: 11:00

HeroMarine - Winner!

  • Race: Terran Terran
  • Spawn Location: 5:00

Event: 2019 WCS Spring

VOD

Have the link to the VOD?

Description

Time

  • Played on: May 18, 2019, 10:12 a.m.
  • Length: 7:42

All games in this series

Show
View Real Time Build Order
Export as new Build Order

DnS Protoss 

Build Orders: 1 Gate Expand, Colossus Rush 

Get SALT Encoding   

  12  0:00  Probe  
  13  0:12  Probe  
  14  0:18  Pylon  
  14  0:24  Probe  
  15  0:32  Probe  
  15  0:38  Gateway  
  15  0:40  Probe  
  16  0:47  Assimilator  
  17  0:51  Probe  
  18  1:03  Probe  
  19  1:15  Probe  
  20  1:25  Nexus  
  20  1:36  Cybernetics Core  
  20  1:37  Probe  
  21  1:45  Assimilator  
  21  1:49  Probe  
  21  1:53  Pylon  
  22  2:01  Probe  
  22  2:02  Adept  
  23  2:13  Warp Gate, Probe  
  26  2:25  Stalker, Probe, Robotics Facility  
  27  2:34  Probe  
  29  2:37  Probe  
  29  2:42  Probe  
  30  2:50  Probe  
  32  2:52  Probe  
  32  2:55  Stalker  
  35  3:05  Probe  
  35  3:06  Probe  
  35  3:09  Gateway  
  35  3:12  Observer  
  38  3:14  Probe  
  38  3:18  Probe  
  40  3:22  Gateway  
  40  3:26  Probe  
  40  3:30  Probe  
  40  3:33  Observer  
  40  3:34  Pylon  
  43  3:38  Probe  
  44  3:42  Assimilator  
  44  3:43  Probe  
  44  3:44  Assimilator  
  45  3:49  Probe  
  45  3:53  Pylon  
  45  3:55  Probe  
  47  3:56  Observer  
  47  3:57  Probe  
  49  4:05  Probe  
  49  4:06  Observer  
  49  4:07  Robotics Bay, Probe, Forge  
  51  4:13  Stalker  
  53  4:19  Probe  
  53  4:20  Observer  
  53  4:21  Stalker  
  53  4:23  Probe  
  57  4:31  Probe  
  57  4:35  Probe  
  53  4:41  Stalker  
  53  4:43  Probe  
  53  4:47  Probe  
  54  4:53  Probe  
  54  4:55  Probe  
  56  5:01  Probe  
  57  5:10  Colossus  
  59  5:16  Pylon  
  62  5:21  Pylon  
  62  5:26  Extended Thermal Lance  
  62  5:35  Probe x2  
  64  5:36  Protoss Ground Weapons Level 1  
  64  5:37  Sentry  
  64  5:45  Observer  
  64  5:47  Probe  
  65  5:50  Probe  
  65  5:52  Colossus  
  66  5:59  Nexus, Probe  
  66  6:02  Probe  
  66  6:03  Pylon  
  74  6:11  Probe  
  74  6:13  Sentry  
  74  6:14  Probe  
  74  6:16  Pylon  
  78  6:18  Observer  
  78  6:23  Observer, Sentry x2  
  78  6:25  Observer, Probe  
  83  6:26  Probe  
  84  6:33  Twilight Council  
  84  6:37  Probe  
  84  6:38  Probe, Shield Battery  
  84  6:39  Colossus  
  85  6:43  Pylon  
  93  6:57  Pylon  
  91  7:02  Stalker x2  
  91  7:04  Stalker  
  91  7:06  Probe  
  98  7:12  Probe  
  81  7:35  Stalker x3  
Show
View Real Time Build Order
Export as new Build Order

HeroMarine Terran - Winner!

Build Orders: Gas First Reaper Expand 

Get SALT Encoding   

  12  0:00  SCV  
  13  0:12  SCV  
  14  0:17  Supply Depot  
  14  0:24  SCV  
  15  0:29  Refinery  
  15  0:39  SCV  
  16  0:45  Barracks  
  16  0:51  SCV  
  17  1:03  SCV  
  18  1:15  SCV  
  19  1:32  Reaper, Orbital Command  
  20  1:47  Command Center  
  20  1:57  Factory  
  20  2:01  SCV  
  21  2:07  Barracks Reactor  
  21  2:13  SCV  
  22  2:17  Supply Depot  
  22  2:19  Refinery  
  22  2:25  SCV  
  23  2:38  SCV  
  23  2:43  Starport, Marine x2  
  26  2:48  Widow Mine  
  26  2:50  SCV  
  29  2:59  Orbital Command  
  29  3:02  SCV  
  30  3:06  Marine x2  
  32  3:14  SCV  
  33  3:20  Medivac  
  33  3:21  Widow Mine  
  33  3:24  Marine x2  
  39  3:28  SCV x2  
  39  3:34  Supply Depot  
  41  3:40  SCV x2  
  43  3:42  Marine x2  
  45  3:48  Factory Tech Lab  
  45  3:51  Starport Tech Lab  
  45  3:52  SCV  
  47  3:55  SCV  
  47  3:56  Supply Depot  
  47  3:57  Refinery  
  47  3:59  Marine x2  
  49  4:04  SCV  
  49  4:07  SCV  
  51  4:11  Barracks  
  51  4:12  Raven  
  51  4:16  SCV  
  54  4:19  SCV, Marine x2  
  57  4:25  Siege Tank  
  57  4:31  SCV  
  60  4:32  SCV  
  61  4:43  SCV  
  61  4:44  SCV, Marine  
  62  4:50  Barracks  
  62  4:52  Supply Depot  
  62  4:55  SCV, Engineering Bay, Marine  
  62  4:56  SCV, Refinery  
  62  4:58  Siege Tank  
  68  5:01  Marine  
  69  5:07  SCV  
  69  5:08  Stimpack  
  69  5:12  Supply Depot  
  69  5:13  Marine  
  69  5:14  SCV  
  72  5:20  SCV  
  72  5:21  Marauder  
  75  5:22  Terran Infantry Weapons Level 1  
  75  5:26  SCV  
  75  5:28  Starport Reactor, Marine  
  76  5:31  Marine  
  79  5:40  Supply Depot  
  79  5:42  Marauder  
  80  5:43  Factory Reactor  
  80  5:45  Marauder, Combat Shield  
  80  5:48  Marine  
  80  5:49  Marine  
  84  5:55  Supply Depot x2  
  84  6:03  Marauder  
  84  6:06  Medivac x2, Marine  
  84  6:07  Marauder, Marine  
  92  6:15  Command Center  
  92  6:20  Widow Mine x2  
  98  6:25  Marauder  
  98  6:27  Marine x2  
  98  6:28  Marauder  
  98  6:32  SCV x2  
  104  6:36  Supply Depot  
  104  6:39  Medivac x2  
  108  6:47  Marine  
  109  6:49  Marine  
  110  6:58  Widow Mine x2  
  110  6:59  Barracks x2  
  114  7:01  Supply Depot  
  114  7:06  Marauder x2  
  118  7:21  Marine x2  
Tags
 
Add a new tag
Caveats
  • Supply blocks, unpowered buildings, or Contaminate may cause inaccurate times.
  • Supply counts are checked every 10 seconds.